 Dungeon Crawl Stone Soup version 0.28.0-53-g5a82cb258f (webtiles) character file.

Game seed: 2355346420101005360

7 jjjjhere the Sneak (level 1, -1/17 HPs)
             Began as a Minotaur Enchanter on Oct 26, 2022.
             Slain by a jackal (2 damage)
             ... on level 1 of the Dungeon.
             The game lasted 00:00:26 (75 turns).

jjjjhere the Sneak (Minotaur Enchanter)               Turns: 75, Time: 00:00:27

Health: -1/17      AC:  2    Str: 12    XL:     1   Next: 83%
Magic:  1/1        EV: 12    Int: 12    God:
Gold:   0          SH:  0    Dex: 10    Spells: 2/2 levels left

rFire   . . .      SeeInvis .   a - +1 dagger
rCold   . . .      Faith    .   (no shield)
rNeg    . . .      Spirit   .   b - +0 robe
rPois   .          Reflect  .   (helmet restricted)
rElec   .          Harm     .   (no cloak)
rCorr   .          Rampage  .   (no gloves)
Will    .....                   (no boots)
Stlth   ++........              (no amulet)
HPRegen 0.05/turn               (no ring)
MPRegen 0.07/turn               (no ring)

@: no status effects
A: horns 2, retaliatory headbutt
a: no special abilities


You were on level 1 of the Dungeon.
You visited 1 branch of the dungeon, and saw 1 of its levels.

Inventory:

Hand Weapons
 a - a +1 dagger (weapon)
Armour
 b - a +0 robe (worn)
Potions
 c - a potion of invisibility


   Skills:
 + Level 1.9 Fighting
 - Level 1.1 Short Blades
 - Level 2.1 Dodging
 - Level 2.4 Stealth
 - Level 1.3 Spellcasting
 - Level 2.0 Hexes


You had 2 spell levels left.
You didn't know any spells.
Your spell library contained the following spells:

 Spells                   Type           Power      Damage    Failure   Level
 Ensorcelled Hibernation  Hex/Ice        6%         N/A       28%         2
 Confusing Touch          Hex            5%         N/A       36%         3
 Tukima's Dance           Hex            5%         N/A       36%         3
 Dazzling Flash           Conj/Hex       6%         N/A       50%         3


Dungeon Overview and Level Annotations

Branches:
Dungeon (1/15)

Altars:


Innate Abilities, Weirdness & Mutations

You have a pair of horns on your head.
You reflexively headbutt those who attack you in melee.


Message History

Press: ? - help, Q - select action Shift-Dir - straight line, f/p - hobgoblin
Aim: a hobgoblin (heavily wounded, 54% to hit)
You throw a poisoned dart. The poisoned dart hits the hobgoblin.
The hobgoblin is poisoned.
The hobgoblin is heavily wounded.
The hobgoblin misses you. 2 jackals come into view.
The hobgoblin looks more healthy.
You closely miss the hobgoblin.
The hobgoblin is heavily wounded.
The hobgoblin barely misses you. You furiously retaliate!
You headbutt the hobgoblin, but do no damage.
Unknown command.
You hit the hobgoblin. Your headbutt misses the hobgoblin.
The hobgoblin is almost dead.
The jackal barks! x2; You hear a shout!
A jackal comes into view.
A hobgoblin comes into view.
The hobgoblin barely misses you. You furiously retaliate!
You headbutt the hobgoblin.
You kill the hobgoblin!
You see here a poisoned dart.
d - a poisoned dart Throw: dart (poison)
Press: ? - help, Q - select action Shift-Dir - straight line, f - jackal
Aim: a jackal (45% to hit)
You throw a poisoned dart.
The poisoned dart closely misses the jackal.
The poisoned dart hits the jackal.
The jackal is poisoned.
The jackal bites you.
* * * LOW HITPOINT WARNING * * *
The jackal misses you.
You hit the jackal. You headbutt the jackal.
You kill the jackal!
The jackal bites you.
* * * LOW HITPOINT WARNING * * *
You see here a quokka corpse.
You closely miss the jackal.
The jackal is severely wounded.
The jackal looks more healthy.
The jackal bites you.
You die...

.. ###..### ###.
##.....## #g >..
####..#....# #.
...##.....###..# #.
#.##...).## #.### ##h
#.####.##....## ##g... ..
#......##.##..###....# #.
#########...†###..#[.<.##
#.###.g.(..h@..(##
#.......#
#........####...#
##.#...## #####.##.#
#...# ##..### ...##.#
#...# #..# ######.#
#.#..# #... #.# #.#....
.... #.. ..###...#.....
### ## ##. ###


You could see a jackal and a hobgoblin.

Vanquished Creatures
  A goblin (D:1)
  2 hobgoblins (D:1)
  A jackal (D:1)
  A quokka (D:1)
5 creatures vanquished.

Notes
Turn   | Place    | Note
-------+----------+-------------------------------------------
     0 | D:1      | jjjjhere the Minotaur Enchanter began the quest for the
                  | Orb.
     0 | D:1      | Reached XP level 1. HP: 14/14 MP: 1/1
    36 | D:1      | Reached skill level 1 in Fighting
    46 | D:1      | HP: 5/16 [quokka (2)]
    51 | D:1      | HP: 3/16 [hobgoblin (1)]
    71 | D:1      | HP: 3/16 [jackal (1)]
    73 | D:1      | HP: 1/17 [jackal (2)]
    75 | D:1      | Slain by a jackal

Illustrated notes

Levels and vault maps discovered:
D:1:      dpeg_arrival_arbitrary_b, layout_basic,
          hellmonk_ecumenical_altar_defaced_shrine, minmay_misc_feat_chi

Skill      XL: |  1 |
---------------+----+-----
Fighting       | 1 |  1.9
Short Blades   | |  1.1
Dodging        | |  2.1
Stealth        | |  2.4
Spellcasting   | |  1.3
Hexes          | |  2.0

Action                   || total
-------------------------++-------
Melee: Dagger            ||    17
       Headbutt          ||     2
Throw: Dart              ||     3
Armor: Robe              ||     2
Dodge: Dodged            ||    20
